 Dungeon Crawl Stone Soup version 0.29.1-12-g30fa7ad0bf (webtiles) character file.

Game seed: 3552847065521924150

1793461 FexLirch the Metallomancer (level 27, 87/177 HPs)
             Began as a Deep Elf Conjurer on Dec 27, 2022.
             Was the Champion of Vehumet.
             Escaped with the Orb
             ... and 3 runes!
             The game lasted 06:47:46 (61932 turns).

FexLirch the Metallomancer (Deep Elf Conjurer)     Turns: 61932, Time: 06:47:47

Health: 87/177     AC: 18    Str:  9    XL:     27
Magic:  4/54       EV: 24    Int: 38    God:    Vehumet [******]
Gold:   5454       SH:  0    Dex: 17    Spells: 4/68 levels left

rFire   + + +      SeeInvis +   l - +3 great sword "Doraer" {spect, Fragile rF+++ Str+3 Stlth-}
rCold   + + .      Faith    .   (shield currently unavailable)
rNeg    + . .      Spirit   .   M - +4 Cigotuvi's embrace {rMiasma Drain rN+}
rPois   .          Reflect  .   H - +2 hat
rElec   +          Harm     .   Y - scarf {repulsion}
rCorr   +          Rampage  .   B - +1 pair of gloves of the Silly God {rC+ rCorr Dex+4}
Will    ++...      Clarity  +   K - +2 pair of boots
Stlth   +.........              N - amulet "Luubbij" {RegenMP Str+2}
HPRegen 0.39/turn               T - ring "Myamof" {Drain rElec rC+ rCorr AC+4}
MPRegen 0.74/turn               Q - ring of see invisible

@: hasted, repel missiles, very quick
A: clarity, high MP 1
0: Orb of Zot
}: 3/15 runes: decaying, serpentine, silver
a: Renounce Religion


You escaped.
You worshipped Vehumet.
Vehumet was exalted by your worship.
You visited 11 branches of the dungeon, and saw 49 of its levels.
You also visited: Sewer, Volcano and Wizlab.

You collected 9046 gold pieces.
You spent 3592 gold pieces at shops.

Inventory:

Hand Weapons
 l - the +3 great sword "Doraer" (weapon) {spect, Fragile rF+++ Str+3 Stlth-}
   (You found it on level 1 of the Orcish Mines)

   When its wielder attacks, the weapon's spirit leaps out and strikes again.
   The spirit shares a part of any damage it takes with its wielder.
   Str:       It affects your strength (+3).
   rF:        It renders you almost immune to fire.
   Fragile:   It will be destroyed if unequipped.
   Stlth:     It makes you less stealthy.
 z - the +6 mace of Zeecsah {venom, *Rage rPois Int+7}
   (You found it on level 5 of the Dungeon)

   It poisons the flesh of those it strikes.
   Int:       It affects your intelligence (+7).
   rPois:     It protects you from poison.
   *Rage:     It berserks you when you make melee attacks (+20% chance).
 Z - the +4 dagger of the Protecting Gods {protect, Will+ Dex+4}
   (You found it on level 2 of the Vaults)

   It grants its wielder temporary protection when it strikes (+7 to AC).
   Dex:       It affects your dexterity (+4).
   Will:      It increases your willpower.
Armour
 B - the +1 pair of gloves of the Silly God (worn) {rC+ rCorr Dex+4}
   (You bought it in a shop on level 2 of the Orcish Mines)

   Dex:       It affects your dexterity (+4).
   rC:        It protects you from cold.
   rCorr:     It protects you from acid and corrosion.
 H - a +2 hat (worn)
 K - a +2 pair of boots (worn)
 M - the +4 Cigotuvi's embrace (worn) {rMiasma Drain rN+}
   (You found it on level 8 of the Dungeon)

   It gathers nearby corpses to temporarily increase the armour it provides.
   It protects you from foul pestilence.
   rN:        It protects you from negative energy.
   Drain:     It drains your maximum health when unequipped.
 P - the +2 buckler of the Heron {rN++ Int+4 Dex-4}
   (You found it on level 8 of the Dungeon)

   Int:       It affects your intelligence (+4).
   Dex:       It affects your dexterity (-4).
   rN:        It greatly protects you from negative energy.
 Y - a scarf of repulsion (worn)
Jewellery
 d - a +6 ring of intelligence
 n - the ring "Porocoso" {rPois Str+3}
   (You bought it in a shop on level 1 of the Depths)

   [ring of poison resistance]

   Str:       It affects your strength (+3).
   rPois:     It protects you from poison.
 x - a ring of willpower
 F - a +6 ring of strength
 G - a ring of protection from fire
 N - the amulet "Luubbij" (around neck) {RegenMP Str+2}
   (You found it on level 13 of the Dungeon)

   [amulet of magic regeneration]

   It increases your rate of magic regeneration.
   Str:       It affects your strength (+2).
 O - the ring "Botwil" {Fly rF+ Int+2}
   (You found it on level 3 of the Crypt)

   [ring of flight]

   Int:       It affects your intelligence (+2).
   rF:        It protects you from fire.
   Fly:       It grants you flight.
 Q - a ring of see invisible (right hand)
 T - the ring "Myamof" (left hand) {Drain rElec rC+ rCorr AC+4}
   (You took it off a tengu conjurer on level 11 of the Dungeon)

   [ring of protection]

   AC:        It affects your AC (+4).
   rC:        It protects you from cold.
   rElec:     It insulates you from electricity.
   rCorr:     It protects you from acid and corrosion.
   Drain:     It drains your maximum health when unequipped.
Wands
 s - a wand of roots (29)
 t - a wand of charming (57)
 A - a wand of mindburst (59)
 I - a wand of polymorph (7)
 J - a wand of digging (18)
 V - a wand of light (42)
 X - a wand of flame (31)
Scrolls
 a - a scroll of blinking
 f - 10 scrolls of immolation
 p - 11 scrolls of butterflies
 u - 30 scrolls of teleportation
 v - 3 scrolls of silence
 w - 8 scrolls of torment
 y - 2 scrolls of enchant armour
 C - 3 scrolls of fear
 E - 6 scrolls of poison
 U - 3 scrolls of vulnerability
 W - a scroll of magic mapping
Potions
 b - 5 potions of magic
 c - 6 potions of attraction
 e - 12 potions of lignification
 g - 25 potions of curing
 i - 10 potions of ambrosia
 j - 3 potions of haste
 k - 4 potions of invisibility
 o - 6 potions of cancellation
 q - 2 potions of berserk rage
 r - 11 potions of heal wounds
 D - 4 potions of mutation
 L - 2 potions of might
 R - 5 potions of resistance
Miscellaneous
 h - a phantom mirror
 m - a condenser vane
 S - a lightning rod (4/4)


   Skills:
 + Level 19.3 Fighting
 - Level 22.0 Dodging
 - Level 2.4 Stealth
 - Level 21.0 Spellcasting
 - Level 20.3 Conjurations
 - Level 18.6 Hexes
 - Level 10.0 Summonings
 + Level 16.4 Necromancy
 - Level 9.3 Translocations
 + Level 17.6 Transmutations
 - Level 4.4 Air Magic
 + Level 24.3 Earth Magic


You had 4 spell levels left.
You knew the following spells:

 Your Spells              Type           Power      Damage    Failure   Level
a - Magic Dart            Conj           100%       1d8       0%          1
b - Lehudib's Crystal Sp  Conj/Erth      59%        10d14     1%          8
c - Necromutation         Tmut/Necr      53%        N/A       5%          8
d - Iskenderun's Mystic   Conj/Tloc      100%       2d19      0%          4
e - Fulminant Prism       Conj/Hex       56%        3d25      0%          4
f - Iron Shot             Conj/Erth      59%        9d11      0%          6
g - Shatter               Erth           61%        3d45*     1%          9
h - Passage of Golubria   Tloc           84%        N/A       1%          4
i - Spellforged Servitor  Conj/Summ      50%        N/A       1%          7
j - Discord               Hex            55%        N/A       3%          8
k - Blink                 Tloc           100%       N/A       1%          2
l - Sublimation of Blood  Necr           100%       N/A       0%          2
m - Apportation           Tloc           100%       N/A       1%          1

Your spell library contained the following spells:

 Spells                   Type           Power      Damage    Failure   Level
 Chain Lightning          Conj/Air       47%        3d62      78%         9
 Foxfire                  Conj/Fire      100%       2x1d9     0%          1
 Sandblast                Erth           100%       2d20      0%          1
 Passwall                 Tmut/Erth      95%        N/A       0%          2
 Searing Ray              Conj           100%       2d8       0%          2
 Static Discharge         Conj/Air       94%        3-15/arc  0%          2
 Dazzling Flash           Conj/Hex       100%       N/A       0%          3
 Portal Projectile        Hex/Tloc       100%       N/A       0%          3
 Stone Arrow              Conj/Erth      100%       3d13      0%          3
 Tukima's Dance           Hex            100%       N/A       0%          3
 Animate Armour           Summ/Erth      100%       N/A       0%          4
 Cause Fear               Hex            55%        N/A       0%          4
 Dispel Undead            Necr           100%       3d31      0%          4
 Petrify                  Tmut/Erth      100%       N/A       0%          4
 Sting                    Tmut/Pois      100%       1d8       1%          1
 Call Imp                 Summ           86%        N/A       1%          2
 Ensorcelled Hibernation  Hex/Ice        100%       N/A       1%          2
 Poisonous Vapours        Pois/Air       100%       N/A       1%          2
 Conjure Flame            Conj/Fire      87%        6-21      1%          3
 Gell's Gravitas          Tloc           84%        N/A       1%          3
 Ignite Poison            Fire/Tmut/Pois 71%        N/A       1%          3
 Inner Flame              Hex/Fire       84%        N/A       1%          3
 Lesser Beckoning         Tloc           84%        N/A       1%          3
 Mephitic Cloud           Conj/Pois/Air  80%        N/A       1%          3
 Spider Form              Tmut/Pois      82%        N/A       1%          3
 Swiftness                Air            65%        N/A       1%          3
 Teleport Other           Tloc           84%        N/A       1%          3
 Airstrike                Air            32%        2d(5-21)  1%          4
 Corpse Rot               Necr/Pois/Air  75%        N/A       1%          4
 Flame Wave               Conj/Fire      87%        2d19      1%          4
 Hailstorm                Conj/Ice       87%        3d17      1%          4
 Ice Form                 Ice/Tmut       82%        N/A       1%          4
 Sticky Flame             Conj/Fire      87%        2d10      1%          4
 Summon Lightning Spire   Summ/Air       76%        N/A       1%          4
 Ozocubu's Armour         Ice            39%        N/A       2%          3
 Olgreb's Toxic Radiance  Pois           39%        N/A       2%          4
 Irradiate                Conj/Tmut      55%        3d30      0%          5
 Iskenderun's Battlesphe  Conj           100%       2d15      0%          5
 Lee's Rapid Deconstruct  Erth           61%        3d29*     0%          5
 Yara's Violent Unravell  Hex/Tmut       54%        3d21      0%          5
 Agony                    Necr           100%       N/A       1%          5
 Alistair's Intoxication  Tmut/Pois      54%        N/A       1%          5
 Blade Hands              Tmut           54%        N/A       1%          5
 Fireball                 Conj/Fire      43%        3d17      1%          5
 Freezing Cloud           Conj/Ice/Air   40%        6-21      1%          5
 Lightning Bolt           Conj/Air       47%        1d67      1%          5
 Manifold Assault         Tloc           84%        N/A       1%          5
 Metabolic Englaciation   Hex/Ice        42%        N/A       1%          5
 Silence                  Hex/Air        45%        N/A       1%          5
 Summon Forest            Summ/Tloc      42%        N/A       1%          5
 Summon Mana Viper        Hex/Summ       99%        N/A       1%          5
 Conjure Ball Lightning   Conj/Air       47%        3x3d16    1%          6
 Starburst                Conj/Fire      43%        6d12      1%          6
 Statue Form              Tmut/Erth      76%        N/A       1%          6
 Dragon Form              Tmut           54%        N/A       1%          7
 Summon Cactus Giant      Summ           43%        N/A       2%          6
 Dispersal                Tloc           42%        N/A       3%          6
 Simulacrum               Ice/Necr       40%        N/A       4%          6
 Borgnjor's Revivificati  Necr           52%        N/A       7%          8
 Infestation              Necr           52%        N/A       7%          8
 Storm Form               Tmut/Air       44%        N/A       9%          7
 Malign Gateway           Summ/Tloc      42%        N/A       16%         7
 Summon Horrible Things   Summ           43%        N/A       69%         8
 Death's Door             Necr           52%        N/A       73%         9
 Disjunction              Tloc           42%        N/A       80%         8
 Ozocubu's Refrigeration  Ice            19%        4d11      86%         7
 Maxwell's Capacitive Co  Air            32%        ∞         90%         8
 Ignition                 Fire           19%        3d7       100%        8
 Polar Vortex             Ice            19%        N/A       100%        9


Dungeon Overview and Level Annotations

Branches:
Dungeon (15/15)            Temple (1/1) D:6            Lair (5/5) D:11
  Swamp (4/4) Lair:3        Snake (4/4) Lair:2        Slime (0/5) Lair:4
    Orc (2/2) D:11            Elf (1/3) Orc:2        Vaults (5/5) D:13
  Crypt (3/3) Vaults:3       Tomb (0/3) Crypt:3      Depths (4/4) D:15
    Zot (5/5) Depths:4      Sewer (visited)         Volcano (visited)
 WizLab (visited)

Altars:
Ashenzari
Cheibriados
Dithmenos
Elyvilon
Fedhas
Gozag
Hepliaklqana
Kikubaaqudgha
Makhleb
Nemelex Xobeh
Okawaru
Qazlal
Ru
Sif Muna
Trog
Uskayaw
Vehumet
Wu Jian
Xom
Yredelemnul
Zin
The Shining One

Shops:
D:1 ?   D:6 [!   D:7 ?   D:8 [   D:9 ?   D:15 [   Orc:1 =   Orc:2 (([[
Snake:1 **   Vaults:3 [   Vaults:4 ?   Vaults:5 (   Depths:1 :=:   Depths:2 *

Portals:
Hell: Depths:1 Depths:2 Depths:3 Depths:4
Abyss: Depths:1 Depths:3
Pandemonium: Depths:2
Ziggurat: Depths:3

Annotations:
Orc:1 2 transporters
Zot:3 2 transporters, stpyramids's ghost, legendary DDFi
Zot:5 9 exclusions


Innate Abilities, Weirdness & Mutations

You possess an exceptional clarity of mind.
You have an increased reservoir of magic. (+10% MP)


Message History

Confirm with . or Enter, or press ? or * to list all spells.
You draw magical energy from your own body!
Casting: Sublimation of Blood (safe; 0% risk of failure)
Confirm with . or Enter, or press ? or * to list all spells.
The dungeon rumbles!
Ka-crash!
Casting: Shatter (dangerous; 1% risk of failure)
Confirm with . or Enter, or press ? or * to list all spells.
The dungeon rumbles!
Ka-crash!
Casting: Shatter (dangerous; 1% risk of failure)
Confirm with . or Enter, or press ? or * to list all spells.
You draw magical energy from your own body!
Casting: Sublimation of Blood (safe; 0% risk of failure)
Confirm with . or Enter, or press ? or * to list all spells.
The dungeon rumbles!
Ka-crash!
Casting: Shatter (dangerous; 1% risk of failure)
Confirm with . or Enter, or press ? or * to list all spells.
The dungeon rumbles!
Ka-crash!
Casting: Shatter (dangerous; 1% risk of failure)
Confirm with . or Enter, or press ? or * to list all spells.
The dungeon rumbles!
Ka-crash!
Casting: Shatter (dangerous; 1% risk of failure)
Confirm with . or Enter, or press ? or * to list all spells.
The dungeon rumbles!
Ka-crash!
Casting: Shatter (dangerous; 1% risk of failure)
Confirm with . or Enter, or press ? or * to list all spells.
Okay, then.
Unknown command.
Casting: Shatter (dangerous; 1% risk of failure)
Confirm with . or Enter, or press ? or * to list all spells.
You draw magical energy from your own body!
Casting: Sublimation of Blood (safe; 0% risk of failure)
Confirm with . or Enter, or press ? or * to list all spells.
The dungeon rumbles!
Ka-crash!
Casting: Shatter (dangerous; 1% risk of failure)
Confirm with . or Enter, or press ? or * to list all spells.
You draw magical energy from your own body!
Casting: Sublimation of Blood (safe; 0% risk of failure)
Confirm with . or Enter, or press ? or * to list all spells.
The dungeon rumbles!
Ka-crash!
You have escaped!

############## .
............# ..
...........# ...
..........# .#..
........##
.....#........#
#########..............#
................@......#
#########..............#
.......................#
#########.#..#.........#
.......................#
#########.##...........#
...# #...........# ...#
............# ...#


There were no monsters in sight!

Vanquished Creatures
  3 orbs of fire (Zot:5)
  5 dread liches
  Mara (Depths:1)
  2 ancient liches (Zot:5)
  Sojobo (Vaults:3)
  Vv (Crypt:2)
  4 Killer Klowns (Zot:5)
  A Head Instructor (WizLab)
  Frederick (Vaults:2)
  A curse toe (Zot:5)
  9 golden dragons
  Nikola (Elf:1)
  2 doom hounds (Crypt:2)
  2 bone dragons
  3 electric golems
  A Brimstone Fiend (Zot:3)
  Zenata (Crypt:2)
  4 Tzitzimimeh (Crypt:2)
  A shard shrike zombie (Crypt:3)
  A shard shrike skeleton (Crypt:3)
  19 tentacled monstrosities
  8 liches
  21 Orb Guardians
  A walking frostbound tome (Depths:3)
  3 titans (Vaults:5)
  Asterion (Elf:1)
  5 quicksilver dragons
  Grunn (Crypt:2)
  2 deep elf master archers (Depths:2)
  11 death cobs
  6 ancient champions (Crypt:3)
  7 sphinxes
  3 thorn hunters
  9 tengu reavers
  7 shadow dragons
  Donald (Swamp:1)
  8 storm dragons
  A revenant (Crypt:2)
  4 nagarajas
  3 draconian monks
  9 draconian knights
  Roxanne (Swamp:3)
  10 frost giants
  13 vault wardens
  A deep elf sorcerer (Vaults:5)
  2 caustic shrike zombies
  3 orc warlords
  2 draconian scorchers
  7 fire giants
  5 ghost moths
  6 draconian shifters
  2 deep elf elementalists (Orc:1)
  2 curse skulls
  2 iron dragons
  A ghost moth (shapeshifter) (Vaults:5)
  2 reapers
  13 stone giants
  2 draconian annihilators
  A draconian stormcaller (Zot:3)
  15 ghouls
  2 spriggan defenders (Depths:4)
  15 ironbound preservers
  5 war gargoyles (Vaults:5)
  8 ironbound thunderhulks
  5 caustic shrike skeletons
  24 very ugly things
  9 green draconians
  13 vampire knights
  4 eleionomae
  2 putrid mouths (Crypt:2)
  3 dire elephants
  4 black draconians
  4 deep elf annihilators
  2 entropy weavers
  A spark wasp (Depths:1)
  7 yellow draconians
  6 purple draconians
  10 red draconians
  10 white draconians
  A bunyip (Swamp:2)
  An eidolon (Crypt:3)
  3 green deaths (Depths:1)
  10 ettins
  A crystal guardian (Vaults:4)
  10 jiangshi (Crypt:1)
  A shambling mangrove (Swamp:4)
  4 fire dragons
  36 vault guards
  15 hydras
  3 deep elf high priests (Vaults:5)
  A deep elf death mage (Crypt:3)
  4 great orbs of eyes
  A spriggan zombie (Depths:3)
  The ghost of Jingleheimer the Impaler, a journeyman DsGl of Yredelemnul (D:11)
  9 yaktaur captains
  4 boulder beetles
  Harold (Lair:2)
  3 ogre magi
  8 spriggan air magi
  2 salamander tyrants
  A radroach (shapeshifter) (Depths:3)
  10 rakshasas
  5 ironbound frosthearts
  3 peacekeepers
  2 hell beasts
  9 alligators
  5 ice dragons
  4 anacondas
  16 centaur warriors
  10 death yaks
  4 spriggan skeletons (Crypt:3)
  15 naga warriors
  2 dancing weapons (Elf:1)
  A tengu warrior (D:15)
  9 deep troll shamans
  15 two-headed ogres
  A bennu skeleton (Crypt:2)
  10 deep troll earth magi
  4 shock serpents
  The ghost of 0gre the Frost Mage, a novice GnIE of Vehumet (D:9)
  2 hell hogs (Depths:3)
  5 vampire magi
  2 sun demons
  8 spriggan berserkers
  8 spriggans
  7 hell knights
  19 skeletal warriors
  4 soul eaters
  5 deep elf knights
  13 iron trolls
  6 naga sharpshooters
  A sixfirhy (Depths:2)
  4 titan skeletons (Crypt:3)
  A bunyip zombie (Crypt:3)
  A death drake (Swamp:4)
  3 shadow wraiths
  2 salamander mystics (Snake:4)
  5 goliath frogs
  2 spriggan druids
  3 glowing orange brains
  2 flayed ghosts
  An anaconda skeleton (Crypt:3)
  6 deep elf archers
  A golden dragon zombie (Depths:1)
  47 deep trolls
  A tengu zombie (Depths:2)
  8 swamp dragons
  3 bunyip skeletons (Crypt:3)
  4 orc knights
  3 naga ritualists (Depths:1)
  12 phantasmal warriors
  12 lindwurms
  2 obsidian statues (D:13)
  4 wizards
  19 ironbound convokers
  8 bog bodies
  5 deep elf zephyrmancers
  8 mana vipers
  18 deep elf pyromancers
  2 shadow dragon skeletons
  A tengu skeleton (Depths:3)
  3 will-o-the-wisps
  2 fire giant zombies
  8 salamanders
  A salamander (shapeshifter) (D:15)
  9 necromancers
  32 ugly things
  9 manticores
  9 cyclopes
  14 elephants
  3 guardian serpents
  35 moths of wrath
  17 black mambas
  3 gargoyles
  2 stone giant skeletons
  7 vault sentinels
  A storm dragon simulacrum (Crypt:3)
  14 naga magi
  An orange demon (Zot:3)
  3 smoke demons (Depths:3)
  A fire giant skeleton (Vaults:3)
  A pale draconian zombie (Crypt:2)
  A torpor snail (Lair:5)
  An unseen horror (D:13)
  2 centaur skeletons (Crypt:3)
  An efreet (D:13)
  A naga skeleton (Crypt:3)
  A yellow draconian zombie (Crypt:3)
  15 cane toads
  A hellion (Depths:3)
  6 rime drakes
  21 yaktaurs
  A minotaur zombie (Crypt:3)
  2 freezing wraiths
  2 komodo dragons (shapeshifter)
  4 kobold demonologists
  3 tengu conjurers
  3 tormentors
  An unseen horror skeleton (Crypt:2)
  7 komodo dragons
  A red devil (D:15)
  A grey draconian skeleton (Crypt:1)
  An ice devil (Depths:2)
  A silent spectre (Orc:1)
  17 trolls
  An iron troll skeleton (Crypt:1)
  4 bloated husks
  The ghost of styxcanada the Covert, a novice SpBr (D:4)
  11 tyrant leeches
  2 harpy skeletons
  11 hornets
  21 blink frogs
  35 slime creatures
  A radroach zombie (Crypt:1)
  A boulder beetle zombie (Crypt:2)
  A stone giant simulacrum (Vaults:4)
  A fire giant simulacrum (Depths:2)
  Sigmund (D:5)
  8 wraiths
  2 shadows (D:9)
  A naga simulacrum (Crypt:3)
  2 vampires (Vaults:3)
  3 wyverns
  86 yaks
  An air elemental (Elf:1)
  2 ynoxinuls (Depths:2)
  6 fire elementals (Volcano)
  6 basilisks
  16 vampire mosquitoes
  A wind drake skeleton (Crypt:2)
  2 steam dragons
  3 redbacks
  A yaktaur simulacrum (Vaults:1)
  15 swamp worms
  42 nagas
  4 wargs
  2 glowing shapeshifter zombies
  5 hell hounds (Volcano)
  22 water moccasins
  An acid dragon (D:8)
  2 glowing shapeshifter skeletons
  4 swamp drakes
  A two-headed ogre skeleton (Crypt:2)
  Pargi (Sewer)
  A sky beast (D:8)
  5 black bears
  30 orc warriors
  22 ogres
  3 ice beasts
  2 boggarts (Elf:1)
  A tengu (shapeshifter) (Vaults:5)
  A hog zombie (Crypt:3)
  20 wolves
  11 centaurs
  A human skeleton (Vaults:4)
  3 phantoms
  11 kobold brigands (D:9)
  7 necrophages
  13 bullfrogs
  A salamander skeleton (Crypt:1)
  2 gnoll sergeants (D:10)
  A glowing shapeshifter simulacrum (Vaults:1)
  23 wights
  13 killer bees
  A howler monkey (D:8)
  2 electric eels
  A wolf skeleton (Crypt:3)
  3 hounds
  15 jellies
  4 gnoll boudas
  21 orc priests
  An iguana (D:5)
  26 orc wizards
  20 gnolls
  7 adders
  A shadow imp (D:7)
  2 white imps
  4 dart slugs
  4 worms
  85 orcs
  13 endoplasms
  5 giant cockroaches
  12 goblins
  5 hobgoblins
  6 kobolds
  4 quokkas
  17 ball pythons
  7 bats
  6 frilled lizards
  A kobold skeleton (Crypt:2)
  A kobold zombie (Crypt:3)
  7 rats
  A briar patch (Swamp:3)
  8 fulminant prisms
1973 creatures vanquished.

Vanquished Creatures (collateral kills)
  A dread lich (Zot:5)
  An ancient lich (Zot:5)
  4 orbs of fire (Zot:5)
  A curse toe (Crypt:3)
  A golden dragon (Zot:3)
  3 tentacled monstrosities
  6 Orb Guardians (Zot:5)
  A lich (Crypt:3)
  2 sphinxes
  A thorn hunter (Swamp:4)
  A death cob (Zot:3)
  2 shadow dragons
  2 tengu reavers
  2 storm dragons
  5 nagarajas (Snake:4)
  A deep elf sorcerer (Elf:1)
  3 vault wardens
  A draconian scorcher (Zot:3)
  An orc warlord (Vaults:2)
  A frost giant (Vaults:5)
  4 ironbound preservers
  2 ghouls (Crypt:2)
  6 very ugly things
  A caustic shrike skeleton (Crypt:3)
  An ironbound thunderhulk (Vaults:1)
  A stone giant (Vaults:5)
  3 vampire knights
  4 dire elephants
  3 yellow draconians
  A purple draconian (Zot:3)
  A black draconian (Depths:4)
  The ghost of FakeRyeBread the Fighter, a journeyman PaFi of Trog (Elf:1)
  2 spark wasps (Depths:1)
  2 ettins
  8 yaktaur captains
  A fire dragon (Depths:3)
  A shambling mangrove (Swamp:4)
  A jiangshi (Crypt:1)
  4 vault guards
  2 salamander tyrants
  5 hydras (Swamp:4)
  A ghost crab (Swamp:4)
  6 centaur warriors
  2 dancing weapons (Elf:1)
  5 ironbound frosthearts
  11 naga warriors
  A tengu warrior (Depths:4)
  A deep troll shaman (Depths:2)
  3 shock serpents
  6 naga sharpshooters
  2 soul eaters
  4 spriggans
  2 hell knights
  An iron troll (Depths:1)
  4 salamander mystics
  2 skeletal warriors (Crypt:3)
  An anaconda zombie (Crypt:3)
  19 deep trolls
  4 naga ritualists
  6 swamp dragons (Swamp:4)
  2 ironbound convokers (Vaults:2)
  A spriggan druid (Swamp:4)
  2 deep elf archers (Elf:1)
  A glowing orange brain (Vaults:2)
  5 deep elf pyromancers (Elf:1)
  A bog body (Swamp:4)
  3 phantasmal warriors
  2 deep elf zephyrmancers (Elf:1)
  3 orc knights (Vaults:2)
  2 necromancers
  A wizard (Vaults:2)
  A mana viper (Snake:1)
  3 moths of wrath
  7 slime creatures
  9 salamanders
  6 ugly things
  9 black mambas
  A stone giant skeleton (Crypt:3)
  6 naga magi
  8 vault sentinels
  A dire elephant skeleton (Crypt:3)
  A tormentor (Depths:2)
  8 yaktaurs (Vaults:4)
  A tengu conjurer (WizLab)
  An elf skeleton (Vaults:3)
  A sea snake skeleton (Crypt:1)
  4 hornets
  An ettin skeleton (Crypt:2)
  A vampire (Vaults:3)
  A nameless horror (Snake:1)
  A water elemental (Elf:1)
  A human (shapeshifter) (Vaults:5)
  A swamp worm (Swamp:4)
  18 nagas
  An acid dragon (D:9)
  A glowing shapeshifter skeleton (Vaults:3)
  3 swamp drakes (Swamp:4)
  A two-headed ogre skeleton (Crypt:1)
  A swamp dragon zombie (Crypt:1)
  3 boggarts (Vaults:3)
  2 necrophages
  3 wights (Crypt:3)
  A steam dragon zombie (Crypt:1)
  2 orcs (Vaults:5)
  2 fulminant prisms (Vaults:2)
309 creatures vanquished.

Vanquished Creatures (others)
  A draconian knight (Zot:4)
  A very ugly thing (Depths:2)
  An ironbound thunderhulk (Vaults:1)
  A goliath frog (Swamp:1)
  A lindwurm (Vaults:4)
  2 deep trolls
  A deep elf archer (Elf:1)
  An ironbound convoker (Vaults:1)
  2 deep elf zephyrmancers (Elf:1)
  A boggart (Vaults:3)
  A necrophage (Crypt:1)
  An orc wizard (D:6)
  18 foxfires
  322 fulminant prisms
  40 fungi
  108 plants
502 creatures vanquished.

Grand Total: 2784 creatures vanquished

Notes
Turn   | Place    | Note
-------+----------+-------------------------------------------
     0 | D:1      | FexLirch the Deep Elf Conjurer began the quest for the Orb.
     0 | D:1      | Reached XP level 1. HP: 10/10 MP: 6/6
   209 | D:1      | Reached XP level 2. HP: 15/15 MP: 6/8
   445 | D:1      | Learned a level 2 spell: Searing Ray
   463 | D:1      | Reached skill level 5 in Conjurations
   498 | D:1      | Found Iduhoth's Magic Scroll Shop.
   534 | D:1      | Bought a scroll of identify for 22 gold pieces
  1031 | D:2      | Reached XP level 3. HP: 19/19 MP: 6/10
  2271 | D:3      | Reached XP level 4. HP: 24/24 MP: 9/12
  2356 | D:3      | Found a faded altar of an unknown god.
  2458 | D:3      | Found a glowing drain.
  2523 | Sewer    | Entered a sewer
  2842 | Sewer    | Noticed Pargi
  2849 | Sewer    | Killed Pargi
  2850 | Sewer    | Reached skill level 5 in Spellcasting
  2850 | Sewer    | Reached XP level 5. HP: 24/28 MP: 3/14
  2951 | D:3      | Found a glowing golden altar of the Shining One.
  3056 | D:3      | Learned a level 3 spell: Gell's Gravitas
  3061 | D:3      | Learned a level 4 spell: Iskenderun's Mystic Blast
  3067 | D:3      | Learned a level 4 spell: Fulminant Prism
  3333 | D:4      | Found a runed translucent gate.
  3333 | D:4      | Found a runed translucent gate.
  3496 | D:4      | Reached XP level 6. HP: 32/32 MP: 4/16
  3580 | D:4      | You fall into a shaft and drop 1 floor!
  3580 | D:5      | Entered Level 5 of the Dungeon
  3681 | D:5      | Reached skill level 1 in Hexes
  3681 | D:5      | Reached skill level 1 in Translocations
  3731 | D:5      | Noticed an ice beast
  3752 | D:5      | Killed an ice beast
  4157 | D:4      | Found a stormy altar of Qazlal.
  4160 | D:4      | Found a burning altar of Makhleb.
  4165 | D:4      | Found a shimmering altar of Xom.
  4658 | D:4      | Found a runed translucent gate.
  4660 | D:4      | Noticed styxcanada's ghost (novice SpBr)
  4664 | D:4      | Identified the +3 dagger "Walirex" {flame, rC+ rCorr}
  4790 | D:4      | Reached XP level 7. HP: 36/36 MP: 13/17
  5214 | D:5      | Identified the +6 mace of Zeecsah {venom, *Rage rPois
                  | Int+7}
  5533 | D:5      | Noticed Sigmund
  5892 | D:6      | Found Lisuk's Antique Armour Shop.
  5937 | D:6      | Bought a pair of glowing gloves for 240 gold pieces
  6074 | D:1      | Bought a scroll of blinking for 82 gold pieces
  6488 | D:6      | Reached XP level 8. HP: 18/41 MP: 13/20
  6673 | D:6      | Found a staircase to the Ecumenical Temple.
  6884 | Temple   | Entered the Ecumenical Temple
  7262 | Temple   | Became a worshipper of Vehumet
  7429 | D:6      | Reached skill level 5 in Hexes
  7546 | D:6      | Found Rudiul Ikku's Distillery.
  7728 | D:7      | HP: 1/41 [something/ball of steam (17)]
  7795 | D:7      | Got the Atlas of Filth and Ice
  7805 | D:7      | Found Axzimn's Magic Scroll Emporium.
  7814 | D:7      | Bought a scroll of teleportation for 39 gold pieces
  7839 | D:7      | Identified the +3 chain mail of Qoistel {SInv Stlth+}
  7986 | D:7      | Reached XP level 9. HP: 45/45 MP: 10/23
  8072 | D:7      | Found a broken altar of Ashenzari.
  8292 | D:7      | Reached skill level 10 in Conjurations
  8440 | D:7      | Identified the +6 dagger "Letu" {venom, rF+ Int+3 Dex+3}
  8651 | D:8      | Found an ornate altar of the Wu Jian Council.
  8654 | D:8      | Reached skill level 5 in Translocations
  8869 | D:8      | Reached * piety under Vehumet
  8869 | D:8      | Offered knowledge of Foxfire by Vehumet.
  9390 | D:8      | Noticed a cyclops
  9400 | D:8      | Killed a cyclops
  9473 | D:8      | Noticed a cyclops
  9478 | D:8      | Noticed a gargoyle
  9483 | D:8      | Killed a cyclops
  9483 | D:8      | Killed a gargoyle
  9484 | D:8      | Reached XP level 10. HP: 47/50 MP: 8/25
  9488 | D:8      | Found the +4 Cigotuvi's embrace {rMiasma Drain rN+}
  9697 | D:8      | Noticed a cyan ugly thing
  9701 | D:8      | Killed a cyan ugly thing
  9707 | D:8      | Identified the +2 buckler of the Heron {rN++ Int+4 Dex-4}
  9797 | D:8      | Found Ryaha Bett's Armour Shoppe.
  9900 | D:9      | Found Tiuzuan's Magic Scroll Shop.
  9990 | D:6      | Bought a potion of heal wounds for 60 gold pieces
 10136 | D:9      | Found a shimmering blue altar of Sif Muna.
 10255 | D:9      | Noticed a two-headed ogre
 10262 | D:9      | Killed a two-headed ogre
 10263 | D:9      | Reached skill level 10 in Spellcasting
 10322 | D:9      | Noticed a manticore
 10375 | D:9      | Killed a manticore
 10390 | D:9      | Noticed a two-headed ogre
 10399 | D:9      | Killed a two-headed ogre
 10510 | D:9      | Reached XP level 11. HP: 53/54 MP: 11/27
 10622 | D:9      | Found a runed translucent gate.
 10622 | D:9      | Found a runed translucent gate.
 10622 | D:9      | Found a runed translucent gate.
 10625 | D:9      | Noticed 0gre's ghost (novice GnIE)
 10694 | D:9      | Noticed a deep elf pyromancer
 10705 | D:9      | Noticed a centaur warrior
 10708 | D:9      | Killed a deep elf pyromancer
 10711 | D:9      | Killed a centaur warrior
 11006 | D:9      | Reached ** piety under Vehumet
 11071 | D:9      | Offered knowledge of Poisonous Vapours by Vehumet.
 11099 | D:9      | Noticed a two-headed ogre
 11140 | D:9      | Killed a two-headed ogre
 11296 | D:9      | Found the +8 frozen axe "Frostbite" {freezing cloud, *Noise
                  | Fly rC+}
 11372 | D:9      | Reached skill level 10 in Hexes
 11762 | D:9      | Noticed a cyan ugly thing
 11769 | D:9      | Killed a cyan ugly thing
 11770 | D:9      | Reached skill level 1 in Fighting
 11878 | D:10     | Entered Level 10 of the Dungeon
 12043 | D:10     | Noticed an eight-headed hydra
 12057 | D:10     | Noticed a centaur warrior
 12059 | D:10     | Killed a centaur warrior
 12128 | D:10     | Killed an eight-headed hydra
 12199 | D:10     | Noticed a white ugly thing
 12209 | D:10     | Killed a white ugly thing
 12298 | D:11     | Noticed a two-headed ogre
 12508 | D:10     | Offered knowledge of Scorch by Vehumet.
 12532 | D:10     | Reached *** piety under Vehumet
 12770 | D:10     | Reached XP level 12. HP: 62/64 MP: 25/29
 13297 | D:11     | Found a staircase to the Orcish Mines.
 13324 | D:11     | Noticed a boulder beetle
 13334 | D:11     | Killed a boulder beetle
 13428 | D:11     | Offered knowledge of Ignite Poison by Vehumet.
 13577 | D:11     | Reached skill level 5 in Dodging
 13783 | D:11     | Found a runed translucent door.
 13785 | D:11     | Noticed Jingleheimer's ghost (journeyman DsGl)
 13787 | D:11     | Identified the ring "Myamof" {Drain rElec rC+ rCorr AC+4}
 13970 | D:11     | Found a staircase to the Lair.
 14011 | D:11     | Killed a two-headed ogre
 14304 | D:12     | Found a blossoming altar of Fedhas.
 14400 | D:12     | Noticed a seven-headed hydra
 14647 | D:12     | Reached **** piety under Vehumet
 14713 | D:12     | Noticed a two-headed ogre
 14720 | D:12     | Killed a two-headed ogre
 14723 | D:12     | Noticed Erolcha
 14726 | D:12     | Noticed Erolcha
 14726 | D:12     | Erolcha changed into Erolcha the black bear
 14732 | D:12     | Killed Erolcha the black bear
 14732 | D:12     | Offered knowledge of Lee's Rapid Deconstruction by Vehumet.
 14739 | D:12     | Learned a level 5 spell: Lee's Rapid Deconstruction
 14817 | D:12     | Noticed a storm dragon
 14893 | D:12     | Killed a seven-headed hydra
 14894 | D:12     | Reached skill level 1 in Earth Magic
 15010 | D:12     | Reached skill level 15 in Conjurations
 15013 | D:12     | Noticed a vampire knight
 15014 | D:12     | Noticed a stone giant
 15015 | D:12     | Paralysed by a vampire knight for 2 turns
 15019 | D:12     | Killed a vampire knight
 15019 | D:12     | Noticed a yaktaur captain
 15020 | D:12     | Reached skill level 2 in Earth Magic
 15069 | D:12     | Killed a storm dragon
 15070 | D:12     | Reached XP level 13. HP: 46/72 MP: 6/32
 15166 | D:12     | Reached skill level 3 in Earth Magic
 15283 | D:12     | Identified the +0 ring mail of the First Snow {rPois rC+
                  | Dex+4}
 15418 | D:12     | Killed a stone giant
 15802 | D:12     | Reached skill level 4 in Earth Magic
 16039 | D:12     | Reached skill level 5 in Fighting
 16287 | D:13     | Reached skill level 5 in Earth Magic
 16538 | D:13     | Found a gate to the Vaults.
 16552 | D:13     | Reached skill level 6 in Earth Magic
 16697 | D:13     | Reached skill level 7 in Earth Magic
 17501 | D:13     | Identified the amulet "Luubbij" {RegenMP Str+2}
 17737 | D:14     | Reached skill level 8 in Earth Magic
 17832 | D:14     | Reached ***** piety under Vehumet
 17833 | D:14     | Offered knowledge of Iskenderun's Battlesphere by Vehumet.
 17834 | D:14     | Reached XP level 14. HP: 80/80 MP: 24/33
 17844 | D:14     | Learned a level 5 spell: Iskenderun's Battlesphere
 18666 | D:15     | Entered Level 15 of the Dungeon
 18677 | D:15     | Reached skill level 9 in Earth Magic
 18840 | D:15     | Found Utyofo Osup's Antique Armour Emporium.
 18955 | D:15     | Reached skill level 10 in Dodging
 19140 | D:15     | Reached skill level 10 in Earth Magic
 19146 | D:15     | Learned a level 4 spell: Passage of Golubria
 19572 | D:15     | Found a staircase to the Depths.
 19979 | D:4      | Killed styxcanada's ghost
 20114 | D:5      | Killed Sigmund
 20330 | D:9      | Killed 0gre's ghost
 20442 | D:11     | Killed Jingleheimer's ghost
 20479 | Lair:1   | Entered Level 1 of the Lair of Beasts
 21215 | Lair:1   | Found a bloodstained altar of Trog.
 21425 | Lair:2   | Noticed Harold
 21429 | Lair:2   | Reached skill level 11 in Earth Magic
 21431 | Lair:2   | Killed Harold
 21432 | Lair:2   | Reached skill level 15 in Hexes
 21496 | Lair:2   | Reached XP level 15. HP: 77/88 MP: 25/34
 21500 | Lair:2   | Offered knowledge of Sticky Flame by Vehumet.
 22008 | Lair:2   | Found a staircase to the Snake Pit.
 22311 | Lair:3   | Found a staircase to the Swamp.
 22835 | Lair:3   | Reached skill level 12 in Earth Magic
 23080 | Lair:3   | Identified the +1 troll leather armour "Cauhix" {rF++
                  | Regen+}
 23553 | Lair:4   | Found a dark tunnel.
 23566 | Volcano  | Entered a volcano
 24234 | Lair:4   | Learned a level 8 spell: Lehudib's Crystal Spear
 24265 | Lair:4   | Found a staircase to the Slime Pits.
 24292 | Lair:4   | Offered knowledge of Starburst by Vehumet.
 24595 | Lair:5   | Entered Level 5 of the Lair of Beasts
 24830 | Lair:5   | Reached ****** piety under Vehumet
 24831 | Lair:5   | Reached XP level 16. HP: 96/96 MP: 35/35
 24976 | Lair:5   | Offered knowledge of Freezing Cloud by Vehumet.
 25369 | Orc:1    | Entered Level 1 of the Orcish Mines
 25597 | Orc:1    | Found a bloodstained altar of Trog.
 25597 | Orc:1    | Found the +8 Wrath of Trog {antimagic, *Rage Rampage}
 25702 | Orc:2    | Entered Level 2 of the Orcish Mines
 25777 | Orc:2    | Found a staircase to the Elven Halls.
 25805 | Orc:1    | Offered knowledge of Eringya's Noxious Bog by Vehumet.
 25817 | Orc:1    | Reached skill level 13 in Earth Magic
 25912 | Orc:1    | Found a transporter.
 26033 | Orc:2    | Found Cajig's Weapon Boutique.
 26075 | Orc:2    | Found Ontoff's Armour Boutique.
 26087 | Orc:2    | Found Durommek's Antique Weapon Emporium.
 26092 | Orc:2    | Found Gaifyf's Antique Armour Shop.
 26130 | Orc:2    | Bought the +1 pair of gloves of the Silly God {rC+ rCorr
                  | Dex+4} for 562 gold pieces
 26494 | Orc:1    | Found Keuss's Jewellery Boutique.
 26499 | Orc:1    | Offered knowledge of Iron Shot by Vehumet.
 26517 | Orc:1    | Learned a level 6 spell: Iron Shot
 26601 | Orc:1    | Bought a +6 ring of intelligence for 468 gold pieces
 26733 | Swamp:1  | Entered Level 1 of the Swamp
 26903 | Swamp:1  | Noticed Donald
 26912 | Swamp:1  | Killed Donald
 27434 | Swamp:2  | Reached skill level 10 in Fighting
 27663 | Swamp:2  | Noticed a tentacled monstrosity
 27667 | Swamp:2  | Killed a tentacled monstrosity
 28150 | Swamp:3  | Noticed a thorn hunter
 28157 | Swamp:3  | Killed a thorn hunter
 28158 | Swamp:3  | Reached XP level 17. HP: 68/102 MP: 25/36
 28164 | Swamp:3  | Identified the +1 leather armour of Defiance {Harm *Corrode
                  | Int+4}
 28510 | Swamp:3  | Noticed Roxanne
 28517 | Swamp:3  | Killed Roxanne
 28641 | Swamp:4  | Entered Level 4 of the Swamp
 28646 | Swamp:4  | Offered knowledge of Spellforged Servitor by Vehumet.
 28658 | Swamp:3  | Learned a level 7 spell: Spellforged Servitor
 28748 | Swamp:4  | Reached skill level 14 in Earth Magic
 28812 | Swamp:4  | Reached skill level 1 in Summonings
 29113 | Swamp:4  | Got a decaying rune of Zot
 29386 | Snake:1  | Entered Level 1 of the Snake Pit
 29571 | Snake:1  | Found Naduut's Assorted Antiques.
 29636 | Snake:1  | Found a glowing silver altar of Zin.
 29685 | Snake:1  | Found Kafuzit's Overcharged Wands.
 29707 | Snake:1  | Reached skill level 15 in Dodging
 29829 | Snake:1  | Offered knowledge of Shatter by Vehumet.
 29829 | Snake:1  | Offered knowledge of Chain Lightning by Vehumet.
 29829 | Snake:1  | Offered knowledge of Polar Vortex by Vehumet.
 30256 | Snake:2  | Reached skill level 15 in Spellcasting
 30256 | Snake:2  | Reached XP level 18. HP: 108/108 MP: 31/39
 30402 | Snake:2  | Reached skill level 15 in Earth Magic
 30488 | Snake:2  | You fall into a shaft and drop 1 floor!
 30594 | Snake:3  | Reached XP level 19. HP: 113/113 MP: 23/40
 31804 | Snake:3  | Reached skill level 5 in Summonings
 32001 | Snake:4  | Entered Level 4 of the Snake Pit
 32745 | Snake:4  | Got a serpentine rune of Zot
 33032 | Snake:4  | Learned a level 8 spell: Discord
 33321 | Elf:1    | Entered Level 1 of the Elven Halls
 33406 | Elf:1    | Noticed Nikola
 33413 | Elf:1    | Killed Nikola
 33563 | Elf:1    | Found a large runed translucent door.
 33563 | Elf:1    | Found a large runed translucent door.
 33606 | Elf:1    | Noticed Asterion
 33608 | Elf:1    | Killed Asterion
 33610 | Elf:1    | Paralysed by an air elemental for 1 turns
 33613 | Elf:1    | Paralysed by an air elemental for 1 turns
 34372 | Elf:1    | Noticed FakeRyeBread's ghost (journeyman PaFi)
 34387 | Elf:1    | Killed FakeRyeBread's ghost
 34388 | Elf:1    | Reached skill level 16 in Earth Magic
 34532 | Vaults:1 | Entered Level 1 of the Vaults
 34575 | Vaults:1 | Reached XP level 20. HP: 121/121 MP: 5/42
 36186 | Vaults:2 | Identified the +4 dagger of the Protecting Gods {protect,
                  | Will+ Dex+4}
 36595 | Vaults:2 | Noticed Frederick
 36607 | Vaults:2 | Killed Frederick
 37517 | Vaults:3 | Identified the +1 leather armour "Hibbett" {rC++ Str-4
                  | Int+4 Dex+2}
 37521 | Vaults:3 | Noticed Sojobo
 37525 | Vaults:3 | Paralysed by an air elemental for 1 turns
 37526 | Vaults:3 | Killed Sojobo
 37917 | Vaults:3 | Reached skill level 17 in Earth Magic
 37992 | Vaults:3 | Found Fumerhawn's Antique Armour Boutique.
 38146 | Vaults:3 | Reached XP level 21. HP: 128/128 MP: 43/45
 38158 | Vaults:3 | Learned a level 9 spell: Shatter
 38161 | Vaults:3 | Learned a level 2 spell: Blink
 38290 | Vaults:3 | Found a staircase to the Crypt.
 38570 | Vaults:3 | Reached skill level 10 in Summonings
 39923 | Vaults:4 | Found Huibru Cofu's Magic Scroll Shop.
 39931 | Vaults:4 | Bought a scroll of blinking for 90 gold pieces
 40538 | Crypt:1  | Entered Level 1 of the Crypt
 40538 | Crypt:1  | Found an ancient bone altar of Kikubaaqudgha.
 40603 | Crypt:1  | Reached skill level 18 in Earth Magic
 40914 | Crypt:1  | Found a burning altar of Makhleb.
 40941 | Crypt:1  | Found a glowing golden altar of the Shining One.
 41256 | Crypt:1  | Found a basalt altar of Yredelemnul.
 41679 | Crypt:2  | Noticed Grunn
 41685 | Crypt:2  | Killed Grunn
 41689 | Crypt:2  | Noticed Zenata
 41694 | Crypt:2  | HP: 4/129 [Zenata/a resonance strike (21)]
 42326 | Crypt:2  | Noticed Vv
 42329 | Crypt:2  | Killed Vv
 42330 | Crypt:2  | Reached XP level 22. HP: 96/135 MP: 15/47
 42453 | Crypt:2  | Killed Zenata
 43669 | Crypt:3  | Entered Level 3 of the Crypt
 43678 | Crypt:3  | Reached skill level 19 in Earth Magic
 43692 | Crypt:3  | Noticed a curse toe
 43800 | Crypt:3  | Killed a curse toe
 43986 | Crypt:3  | Noticed a dread lich
 43991 | Crypt:3  | Killed a dread lich
 44154 | Crypt:3  | Identified the ring "Liqu" {rElec rN+ Dex+3}
 44835 | Crypt:3  | Identified the amulet of Zuankon {rC- Regen+ Int+5}
 44840 | Crypt:3  | Identified the ring "Botwil" {Fly rF+ Int+2}
 44844 | Crypt:3  | Got Ereshkigal's Parchment of Stolen Souls
 44856 | Crypt:3  | Identified the +11 arbalest of Ehav {vorpal, *Slow rPois
                  | Str+6}
 44859 | Crypt:3  | Identified the +2 pair of gloves "Laastrakk" {Dex+3}
 44883 | Crypt:3  | Learned a level 2 spell: Sublimation of Blood
 45065 | Crypt:3  | Found a staircase to the Tomb.
 45540 | Depths:1 | Entered Level 1 of the Depths
 45603 | Depths:1 | Noticed Mara
 45615 | Depths:1 | Killed Mara
 45616 | Depths:1 | Reached skill level 1 in Necromancy
 45685 | Depths:1 | Reached skill level 20 in Earth Magic
 45762 | Depths:1 | Reached XP level 23. HP: 140/142 MP: 25/49
 46807 | Depths:1 | Found a gateway to Hell.
 47188 | Orc:1    | Found a transporter.
 47310 | Orc:1    | Found a runed translucent door.
 47508 | Orc:1    | Identified the +3 great sword "Doraer" {spect, Fragile
                  | rF+++ Str+3 Stlth-}
 47842 | Depths:1 | Found Nayqevugua's Book Emporium.
 47842 | Depths:1 | Found Qaorr's Jewellery Shop.
 47843 | Depths:1 | Found Mayraqol's Book Emporium.
 47856 | Depths:1 | Bought an Inescapable Atlas for 578 gold pieces
 47858 | Depths:1 | Bought a ring of willpower for 375 gold pieces
 47942 | Depths:1 | Found a one-way gate to the infinite horrors of the Abyss.
 48049 | Depths:1 | Reached skill level 1 in Transmutations
 48053 | Depths:1 | Reached skill level 1 in Air Magic
 48075 | Depths:1 | Found a sacrificial altar of Ru.
 48105 | Depths:1 | Found a basalt altar of Yredelemnul.
 48360 | Depths:2 | Reached skill level 5 in Necromancy
 48453 | Depths:2 | Found Joad's General Store.
 48678 | Depths:2 | Found a one-way gate leading to the halls of Pandemonium.
 49128 | Depths:2 | Reached skill level 5 in Transmutations
 49380 | Depths:2 | Reached skill level 15 in Fighting
 49781 | Depths:2 | Identified the +2 robe of Shielding {Dex+4}
 50196 | Depths:3 | Found a magical portal.
 50201 | WizLab   | Entered Yara's Duelist Academy
 50572 | WizLab   | Noticed Dumuseg
 50576 | WizLab   | Killed Dumuseg the Head Instructor
 50577 | WizLab   | Reached skill level 21 in Earth Magic
 50603 | WizLab   | Reached XP level 24. HP: 151/151 MP: 24/50
 50916 | Depths:3 | Found an opulent altar of Gozag.
 51242 | Depths:3 | You are sucked into a shaft and drop 1 floor!
 51242 | Depths:4 | Entered Level 4 of the Depths
 51937 | Depths:3 | Found a one-way gateway to a ziggurat.
 52283 | Depths:4 | Reached skill level 10 in Transmutations
 52805 | Depths:4 | Found an iron altar of Okawaru.
 53086 | Depths:4 | Found a gate to the Realm of Zot.
 53631 | Vaults:5 | Entered Level 5 of the Vaults
 53631 | Vaults:5 | Noticed a dread lich
 53633 | Vaults:5 | Killed a dread lich
 53634 | Vaults:5 | Reached skill level 10 in Necromancy
 53663 | Vaults:5 | Learned a level 1 spell: Apportation
 53768 | Vaults:5 | Reached XP level 25. HP: 101/160 MP: 32/50
 53773 | Vaults:5 | Reached skill level 22 in Earth Magic
 53784 | Vaults:5 | Identified the +6 great sword of the Saviour {pain, rPois
                  | MP+9 Str-4 Int+8}
 54133 | Vaults:5 | Identified the +5 plate armour of Levity {rPois Slay+4}
 54167 | Vaults:5 | Noticed a dread lich
 54171 | Vaults:5 | Killed a dread lich
 54181 | Vaults:5 | Identified the +2 plate armour of Piciq {rN+ rCorr Str-5
                  | SInv}
 54230 | Vaults:5 | Got a silver rune of Zot
 54231 | Vaults:5 | Found the +10 tower shield of Ignorance {rN+ Int-4}
 54334 | Vaults:5 | Found Ilecunu's Antique Weapon Shoppe.
 54483 | Vaults:5 | Identified the +1 scale mail "Odghiet" {rF+ Str+3 Slay+2}
 55381 | Vaults:5 | Bought a transparent trident for 297 gold pieces
 55381 | Vaults:5 | Identified the +12 trident "Pin Qedd" {drain, Int+4} (You
                  | bought it in a shop on level 5 of the Vaults)
 55381 | Vaults:5 | Bought a blackened falchion for 280 gold pieces
 55381 | Vaults:5 | Identified the +9 falchion of Bihugit {vorpal, rN++ Dex+2
                  | Stlth+} (You bought it in a shop on level 5 of the Vaults)
 55699 | Depths:1 | Bought the ring "Porocoso" {rPois Str+3} for 499 gold
                  | pieces
 55806 | Zot:1    | Entered Level 1 of the Realm of Zot
 55819 | Zot:1    | Learned a level 8 spell: Necromutation
 57866 | Zot:3    | Reached skill level 15 in Transmutations
 57897 | Zot:3    | Found a transporter.
 57905 | Zot:3    | Found a transporter.
 57924 | Zot:3    | Noticed a Killer Klown
 57924 | Zot:3    | Noticed a Killer Klown
 58274 | Zot:3    | Noticed stpyramids's ghost (legendary DDFi)
 58377 | Zot:4    | Reached skill level 23 in Earth Magic
 58377 | Zot:4    | Reached XP level 26. HP: 106/168 MP: 50/50
 59214 | Zot:5    | Entered Level 5 of the Realm of Zot
 59577 | Zot:5    | Noticed an ancient lich
 59581 | Zot:5    | Killed an ancient lich
 59595 | Zot:5    | Noticed an ancient lich
 59621 | Zot:5    | Killed an ancient lich
 59700 | Zot:5    | Noticed an ancient lich
 59701 | Zot:5    | Noticed an orb of fire
 59701 | Zot:5    | Noticed an orb of fire
 59784 | Zot:5    | Killed an orb of fire
 59835 | Zot:5    | Killed an orb of fire
 59843 | Zot:5    | Noticed a dread lich
 59846 | Zot:5    | Killed a dread lich
 59847 | Zot:5    | Reached skill level 15 in Necromancy
 59855 | Zot:5    | Killed an ancient lich
 60015 | Zot:5    | Noticed an orb of fire
 60021 | Zot:5    | Killed an orb of fire
 60031 | Zot:5    | Noticed an orb of fire
 60041 | Zot:5    | Killed an orb of fire
 60250 | Zot:5    | Noticed a dread lich
 60251 | Zot:5    | Noticed a dread lich
 60253 | Zot:5    | Killed a dread lich
 60257 | Zot:5    | Killed a dread lich
 60262 | Zot:5    | Noticed an orb of fire
 60275 | Zot:5    | Killed an orb of fire
 60626 | Zot:5    | Reached skill level 24 in Earth Magic
 60626 | Zot:5    | Noticed an orb of fire
 60631 | Zot:5    | Gained mutation: You do not regenerate when monsters are
                  | visible. [an orb of fire]
 60634 | Zot:4    | Lost mutation: You do not regenerate when monsters are
                  | visible. [potion of mutation]
 60634 | Zot:4    | Gained mutation: You possess an exceptional clarity of
                  | mind. [potion of mutation]
 60634 | Zot:4    | Gained mutation: You have an increased reservoir of magic.
                  | (+10% MP) [potion of mutation]
 60714 | Zot:5    | Noticed an orb of fire
 60718 | Zot:5    | Killed an orb of fire
 60758 | Zot:5    | Killed an orb of fire
 61001 | Zot:5    | Reached XP level 27. HP: 160/177 MP: 17/54
 61311 | Zot:5    | Got the Orb of Zot
 61932 | D:$      | Escaped with the Orb!

Illustrated notes

Levels and vault maps discovered:
D:1:      wheals_arrival_linesprint, layout_basic, serial_shops,
          nicolae_shop_trees
D:2:      layout_loops_cross, minmay_tripent
D:3:      layout_basic, tso_altar, ebering_ecumenical_altar_sacrificial,
          portal_sewer_entry_b, minmay_crystal_room, minmay_bisected
D:4:      layout_loops_corners, grunt_temple_overflow_diamond,
          biasface_ghost_orc_armoury
D:5:      layout_gridville, uniq_sigmund
D:6:      layout_cave_pods, minmay_temple_entry_ruins, serial_shops, shop,
          nicolae_shop_behind_doors, hex_tiny
D:7:      layout_layer_cave, old_standard_altar, serial_shops,
          nicolae_lakefront_shop
D:8:      minmay_tri_box, layout_rooms, nzn_wu_jian_contemplation, serial_shops,
          nicolae_take_the_stairs, nicolae_zen_rock_garden, fountainhead
D:9:      minmay_the_grid_net [minmay_the_grid_spin_star,
          minmay_the_grid_square_x, minmay_the_grid_expand,
          minmay_the_grid_zigzag_pyramid, minmay_the_grid_rooms,
          minmay_the_grid_prize_shrinking_boxes], layout_basic,
          lemuel_doored_altar, serial_shops, nicolae_shop_trees,
          gammafunk_ghost_nasty_kobolds, amcnicky_mini_pool_small, minivault_1
D:10:     layout_irregular_city, wad_mini_maze
D:11:     layout_big_octagon, minmay_lair_entry_grove, ebering_ghost_inner_flame
D:12:     minmay_textured_paths, layout_small_grid, portal_ice_cave_rime,
          fedhas_altar_2, uniq_erolcha
D:13:     layout_cave_pools, lightli_vaults_fourway_checkpoint, david_greed
D:14:     layout_roguey, nicolae_titane, minmay_misc_feat_doors
D:15:     gammafunk_enter_depths_forms, layout_irregular_city, serial_shops,
          shop, grunt_decor_mini_mirrors
Temple:   bh_familiar_temple
Lair:1:   layout_long_grid, lemuel_centaur_altar, infiniplex_staircase_pool,
          lemuel_fruit_fields, grunt_megastairs_1
Lair:2:   layout_long_grid, guppyfry_snake_entry_island, uniq_harold
Lair:3:   layout_roguey, skrybe_swamp_entry_bodies, minmay_lindwurm_lava
Lair:4:   layout_gridlike, minmay_slime_entry_jelly_boxes,
          nicolae_volcano_entry_hallway
Lair:5:   minmay_lair_end_frog_pond, layout_long_grid, minivault_19
Swamp:1:  layout_basic_swamp, hangedman_swamp_blocks, swamp_pool1, uniq_donald
Swamp:2:  layout_basic_swamp, serial_swamp_ruin, hangedman_swamp_ruin_hall,
          hangedman_swamp_ruin_wall, evilmike_swamp_ruin_rubble_1
Swamp:3:  layout_falls_marsh, evilmike_swamp_ruin_house_3, swamp_pool3,
          uniq_roxanne
Swamp:4:  swamp_basic_johnstein, layout_basic_swamp, uniq_mlioglotl
Snake:1:  layout_onion, serial_shops, shop, basic_altar,
          nicolae_shop_overcharged_wands, nicolae_triple_integral
Snake:2:  layout_honeycomb, lemuel_fruit_tree
Snake:3:  layout_misc_corridors, hangedman_snake_thin_pillar_pass,
          grunt_ministairs_13
Snake:4:  minmay_snake_end_coiled, layout_grid_shapes
Orc:1:    emtedronai_trogs_sanctum, layout_caves, basic_altar,
          minmay_shop_enchanted_jewellery
Orc:2:    st_orc_open, layout_caves, basic_altar, special_room
Elf:1:    minmay_elf_arrival_circle, layout_loops_cross,
          ebering_ghost_disaster_area, hangedman_elf_disciples, uniq_asterion,
          uniq_nikola
Vaults:1: vaults_room_boxed, nicolae_vaults_windows_and_doors_thing,
          ontoclasm_vaults_bender, hangedman_vaults_corner, vaults_mumra_hex,
          v_misc_30, vaults_room_stairs_pillars, layout_vaults_quadrants
Vaults:2: nicolae_vaults_angled_halls, hangedman_vaults_capsules,
          vaults_room_door_ring, vaults_dpeg_diagonal, vaults_dpeg_encased_lava,
          nicolae_vaults_big_ls, hangedman_vaults_trim, v_misc_10,
          vaults_standard_mumra_x, layout_vaults_big_room, uniq_frederick
Vaults:3: nicolae_vaults_hallways_thing, minmay_crypt_entry_vampire_xt,
          ontoclasm_vaults_shuriken, nicolae_vaults_disjoint_gnomons,
          vaults_mumra_chevron, ontoclasm_vaults_decontamination, v_rooms_6,
          nicolae_vaults_inception_scallops, grunt_vaults_diagonal,
          vaults_dpeg_emergency_exit, vaults_dpeg_ring,
          nicolae_vaults_network_s, v_pattern_2, v_rooms_6, st_smaller_cells,
          nicolae_vaults_little_squares_6, layout_vaults_omnibox, serial_shops,
          nicolae_shop_stone, uniq_sojobo
Vaults:4: ontoclasm_vaults_shout, nicolae_vaults_little_ls,
          dpeg_vaults_monster_box, v_misc_14, v_misc_5, vaults_room_octagon,
          nicolae_vaults_triangles, ontoclasm_vaults_spin, vaults_room_hallway,
          layout_vaults_ring, serial_shops, nicolae_shop_trees
Vaults:5
Crypt:1:  layout_regular_city, basic_altar, nzn_life_drinkers,
          lemuel_upstairs_altar
Crypt:2:  layout_misc_corridors, uniq_grunn, uniq_vv, uniq_zenata
Crypt:3:  due_elkab, layout_chaotic_city, nicolae_tomb_entry_rubble_hallway,
          minivault_14
Depths:1: cheibrodos_poisonous_passages, layout_basic, hangedman_geh_valley,
          nicolae_ru_sacrificial_ziggurat, abyss_entry,
          serial_sigils_hangedman_scar, kennysheep_cross_bottleneck,
          serial_sigils_hangedman_snap, lemuel_zombie_altar_yredelemnul,
          minmay_shop_grove, uniq_mara
Depths:2: dreamdust_merry_men, layout_gridville, rand_demon_pan_entry_4,
          hangedman_tar_grid_catacomb, minmay_shop_star
Depths:3: kennysheep_green_arena, layout_honeycomb, enter_ziggurat_e,
          hellmouth_2, grunt_gozag_breadcrumbs, hangedman_abyss_entry_splay,
          infiniplex_enter_wizlab_spiral
Depths:4: grunt_twist_and_shout, layout_honeycomb, hell_entry,
          okawaru_gym_becter
Zot:1:    layout_concentric_octagons, grunt_megastairs_2
Zot:2:    layout_onion_interference, grunt_megastairs_5
Zot:3:    layout_misc_corridors, gammafunk_ghost_abyssal_escape,
          grunt_ministairs_11
Zot:4:    layout_cellular_growth
Zot:5:    layout_gridville

Skill      XL: |  1  2  3  4  5  6  7  8  9 10 11 12 13 14 15 16 17 18 19 20 21 22 23 24 25 26 |
---------------+-------------------------------------------------------------------------------+-----
Conjurations   | 5 6 7 8 9 11 12 14 15 16 17 18 19 20 | 20.3
Spellcasting   | 4 5 6 8 9 10 11 13 15 16 18 19 20 21 | 21.0
Hexes          | 2 4 5 7 9 10 12 13 15 16 17 18 | 18.6
Translocations | 2 3 4 6 7 9 |  9.3
Fighting       | 2 4 6 7 9 10 11 12 13 14 15 16 18 19 | 19.3
Dodging        | 4 7 9 11 12 14 15 16 17 18 19 20 21 22 | 22.0
Earth Magic    | 2 8 11 12 13 14 15 16 17 18 20 21 23 24 | 24.3
Summonings     | 3 4 7 9 10 | 10.0
Necromancy     | 2 7 10 13 16 | 16.4
Transmutations | 7 12 15 17 | 17.6
Air Magic      | 4 |  4.4
Stealth        | |  2.4

Action                   |  1- 3 |  4- 6 |  7- 9 | 10-12 | 13-15 | 16-18 | 19-21 | 22-24 | 25-27 || total
-------------------------+-------+-------+-------+-------+-------+-------+-------+-------+-------++-------
Melee: Unarmed           |       |     2 |       |       |       |       |       |       |       ||     2
       Mace              |       |       |    12 |    35 |    51 |    16 |    18 |    53 |       ||   185
       Punch             |       |       |     2 |       |       |       |       |       |       ||     2
       Dagger            |       |       |       |       |     3 |       |       |       |       ||     3
       Great sword       |       |       |       |       |       |       |       |       |     3 ||     3
 Cast: Magic Dart        |    97 |   111 |    99 |    63 |   309 |   296 |   123 |       |       ||  1098
       Searing Ray       |       |    11 |    24 |    16 |     3 |       |       |       |       ||    54
       Iskenderun's Myst |       |     2 |     9 |    80 |   152 |    58 |    62 |    23 |    13 ||   399
       Fulminant Prism   |       |       |    20 |    86 |    92 |    55 |    68 |     3 |     9 ||   333
       Lee's Rapid Decon |       |       |       |       |    54 |     2 |       |       |       ||    56
       Iskenderun's Batt |       |       |       |       |    77 |    64 |    30 |       |       ||   171
       Gell's Gravitas   |       |       |       |       |    19 |    25 |    21 |       |       ||    65
       Passage of Golubr |       |       |       |       |     4 |     1 |     2 |     3 |     9 ||    19
       Iron Shot         |       |       |       |       |       |    55 |   182 |   187 |    99 ||   523
       Lehudib's Crystal |       |       |       |       |       |    22 |    75 |   168 |   107 ||   372
       Spellforged Servi |       |       |       |       |       |    27 |    65 |    27 |    36 ||   155
       Discord           |       |       |       |       |       |       |    21 |     6 |     2 ||    29
       Shatter           |       |       |       |       |       |       |    30 |   133 |   120 ||   283
       Sublimation of Bl |       |       |       |       |       |       |       |     4 |     9 ||    13
       Blink             |       |       |       |       |       |       |       |     1 |       ||     1
       Apportation       |       |       |       |       |       |       |       |       |     4 ||     4
       Necromutation     |       |       |       |       |       |       |       |       |    20 ||    20
 Abil: End Transformatio |       |       |       |       |       |       |       |       |     3 ||     3
Evoke: Wand              |       |       |       |     6 |       |       |       |     1 |     2 ||     9
  Use: Scroll            |       |     6 |     1 |     4 |    13 |     8 |     6 |     5 |     9 ||    52
       Potion            |       |       |     1 |     1 |       |     1 |     1 |     5 |     9 ||    18
 Stab: Distracted        |       |       |       |     1 |       |     1 |       |       |       ||     2
Armor: Robe              |       |     1 |       |       |       |       |       |       |       ||     1
       Troll leather arm |       |     3 |    14 |    12 |       |       |       |       |       ||    29
       Leather armour    |       |       |       |    22 |    47 |    30 |    67 |    67 |    33 ||   266
       Chain mail        |       |       |       |     1 |       |       |       |       |       ||     1
Dodge: Dodged            |     4 |    14 |    20 |    47 |    94 |    51 |   154 |   155 |   147 ||   686
       Repelled          |       |       |       |       |     2 |     8 |    19 |    12 |    19 ||    60
Block: Buckler           |       |       |       |    27 |    38 |    11 |    30 |    32 |       ||   138
